 Dungeon Crawl Stone Soup version 0.21.1-1-g345015f (webtiles) character file.

471 shakethe the Chopper (level 7, -2/41 HPs)
             Began as a Gargoyle Warper on Feb 7, 2018.
             Killed from afar by Blork the orc (6 damage)
             ... with a puff of frost
             ... on level 3 of the Dungeon.
             The game lasted 00:08:06 (3138 turns).

shakethe the Chopper (Gargoyle Warper)              Turns: 3138, Time: 00:08:07

Health: -2/41      AC: 13    Str: 15    XL:     7   Next: 9%
Magic:  0/11       EV: 10    Int: 13    God:
Gold:   162        SH:  0    Dex: 11    Spells: 7/11 levels left

rFire    . . .     SeeInvis .   t - +0 war axe
rCold    . . .     Gourm    .   (no shield)
rNeg     + . .     Faith    .   i - +0 scale mail
rPois    ∞         Spirit   +   l - +0 helmet
rElec    +         Reflect  .   (no cloak)
rCorr    .         Harm     .   (no gloves)
MR       .....                  k - +0 pair of boots
Stlth    ..........             m - amulet of guardian spirit
HPRegen  0.13/turn              (no ring)
MPRegen  0.12/turn              (no ring)

@: very slightly contaminated
A: negative energy resistance 1, electricity resistance, unbreathing,
petrification resistance, rot immunity, AC +4
a: no special abilities


You were on level 3 of the Dungeon.
You were hungry.

You visited 1 branch of the dungeon, and saw 4 of its levels.

You collected 162 gold pieces.

Inventory:

Hand Weapons
 a - a +0 hand axe
 t - a +0 war axe (weapon)
Missiles
 e - 5 tomahawks of dispersal (quivered)
 o - 2 tomahawks
Armour
 b - a +0 leather armour
 i - a +0 scale mail (worn)
 k - a +0 pair of boots (worn)
 l - a +0 helmet (worn)
Jewellery
 m - an amulet of guardian spirit (around neck)
Scrolls
 d - 3 scrolls of blinking
 g - a scroll of fear {unknown}
 h - 5 scrolls of identify
 j - 2 scrolls of remove curse
 n - a scroll of immolation {unknown}
 q - 2 scrolls of amnesia {unknown}
Potions
 p - 2 potions of curing {unknown}
 s - a potion of heal wounds {unknown}
Books
 c - a book of Spatial Translocations

   Spells                             Type                      Level
   a - Blink                          Translocation                2
   b - Shroud of Golubria             Charms/Translocation         2
   c - Lesser Beckoning               Translocation                3
   d - Gell's Gravitas                Translocation                3
   e - Teleport Other                 Translocation                3
   f - Passage of Golubria            Translocation                4
Comestibles
 f - a ration


   Skills:
 + Level 3.2 Fighting
 * Level 4.4 Axes
 - Level 0.8 Throwing
 - Level 1.1 Armour
 + Level 3.5 Dodging
 + Level 2.8 Spellcasting
 + Level 3.3 Translocations


You had 7 spell levels left.
You knew the following spells:

 Your Spells              Type           Power        Failure   Level  Hunger
a - Blink                 Tloc           N/A          36%         2    ###....
b - Shroud of Golubria    Chrm/Tloc      #.........   58%         2    ###....


Dungeon Overview and Level Annotations

Branches:
Dungeon (4/15)
 Temple: D:4-7

Altars:

Annotations:
D:3 Amaterasu's ghost, amateur VSMo
D:4 Blork the orc


Innate Abilities, Weirdness & Mutations

You are resistant to torment.
Your stone body is resilient. (AC +4)
You are immune to poison.
You resist negative energy. (rN+)
You are resistant to electric shocks. (rElec)
You can survive without breathing.
You are immune to petrification.
You are immune to rotting.


Message History

Casting: Shroud of Golubria
Confirm with . or Enter, or press ? or * to list all spells.
You don't have enough magic to cast that spell.
A puff of flame appears from out of thin air!
The puff of flame hits you!
* * * LOW HITPOINT WARNING * * *
A magic dart appears from out of thin air!
The magic dart hits you!
A magic dart appears from out of thin air!
The magic dart hits you!
* * * LOW HITPOINT WARNING * * *
There is an escape hatch in the ceiling here.
Something hits you but does no damage. A mysterious force pulls you upwards.
The hatch slams shut behind you.
Level annotation: Amaterasu's ghost, amateur VSMo You start resting.
You hear some strange, mumbled words.
A puff of frost appears from out of thin air!
The puff of frost hits you!
You die...

#.......#####...#######
#...........#...#
#...........#...#
#.####<.....#...#
###...............#
..................#
###............###
#...)........#######
#.####....@.............#.#
#.......................#.#
#####...)...............#.#
#...................#.#
##...................#.#
#......................÷
#.....................##
#................)......
#...##.................#


There were no monsters in sight!

Vanquished Creatures
  An ogre (D:4)
  A phantom (D:4)
  A hound (D:4)
  An orc priest (D:3)
  Jessica (D:2)
  2 worker ants (D:4)
  An orc wizard (D:3)
  Robin (D:2)
  4 adders
  An ooze (D:1)
  3 worms
  A dart slug (D:2)
  A leopard gecko (D:2)
  7 orcs (D:3)
  3 bats
  2 giant cockroaches
  17 goblins
  7 hobgoblins
  6 jackals
  3 ball pythons
  5 frilled lizards
  A jackal skeleton (D:4)
  8 kobolds
  7 rats
85 creatures vanquished.

Notes
Turn   | Place    | Note
-------+----------+-------------------------------------------
     0 | D:1      | shakethe the Gargoyle Warper began the quest for the Orb.
     0 | D:1      | Reached XP level 1. HP: 12/12 MP: 3/3
    32 | D:1      | Reached skill level 2 in Axes
    60 | D:1      | Reached XP level 2. HP: 16/17 MP: 5/5
   389 | D:1      | Reached XP level 3. HP: 21/21 MP: 6/6
   659 | D:2      | Noticed Jessica
   680 | D:2      | Killed Jessica
   715 | D:2      | Reached XP level 4. HP: 16/26 MP: 7/7
   722 | D:2      | Reached skill level 3 in Axes
   828 | D:2      | Noticed Robin
   848 | D:2      | Killed Robin
  1413 | D:2      | Reached XP level 5. HP: 29/30 MP: 8/8
  1654 | D:3      | Learned a level 2 spell: Blink
  1657 | D:3      | Learned a level 2 spell: Shroud of Golubria
  2390 | D:3      | Noticed Amaterasu's ghost (amateur VSMo)
  2772 | D:4      | Reached XP level 6. HP: 27/36 MP: 5/9
  2823 | D:4      | Reached skill level 4 in Axes
  2966 | D:4      | Noticed a phantom
  3026 | D:4      | Killed a phantom
  3026 | D:4      | Reached XP level 7. HP: 29/41 MP: 8/11
  3100 | D:4      | Noticed Blork the orc
  3138 | D:3      | Killed from afar by Blork the orc

Skill      XL: |  1  2  3  4  5  6 |
---------------+-------------------+-----
Axes           | 2 3 4 |  4.4
Dodging        | 2 3 |  3.5
Translocations | 3 |  3.3
Fighting       | 3 |  3.2
Throwing       | |  0.8
Armour         | |  1.1
Spellcasting   | |  2.8

Action                   |  1- 3 |  4- 6 |  7- 9 || total
-------------------------+-------+-------+-------++-------
Melee: Hand axe          |    80 |   226 |       ||   306
       War axe           |       |    30 |    20 ||    50
 Cast: Shroud of Golubri |       |     1 |       ||     1
  Use: Scroll            |       |     2 |       ||     2
       Potion            |       |     1 |       ||     1
  Eat: Chunk             |       |     4 |       ||     4
       Ration            |       |     1 |       ||     1
Armor: Leather armour    |    17 |       |       ||    17
       Scale mail        |    23 |   156 |    13 ||   192
Dodge: Dodged            |    40 |   134 |    14 ||   188
